 Dungeon Crawl Stone Soup version 0.28-a0-1510-gd0f6b136d3 (webtiles) character file.

Game seed: 8752809844256480194

303584 shadowrider38 the Phalangite (level 21, -12/189 HPs)
             Began as a Merfolk Gladiator on Jan 14, 2022.
             Was an Initiate of Gozag.
             Mangled by an orc warlord (42 damage)
             ... on level 2 of the Vaults.
             The game lasted 01:15:30 (62356 turns).

shadowrider38 the Phalangite (Merfolk Gladiator)   Turns: 62356, Time: 01:15:33

Health: -12/189    AC: 37    Str: 25    XL:     21   Next: 9%
Magic:  21/21      EV: 18    Int:  8    God:    Gozag
Gold:   7474       SH:  5    Dex: 22    Spells: 20/20 levels left

rFire   + + .      SeeInvis .   a - +8 bardiche (flame)
rCold   + + .      Faith    .   (shield currently unavailable)
rNeg    + . .      Spirit   .   k - +2 crystal plate armour {rC+}
rPois   +          Reflect  +   c - +0 helmet "Wuycrifru" {rF+ rN+}
rElec   +          Harm     .   x - scarf {rC+ rF+}
rCorr   .          Rampage  .   w - +2 pair of gloves
Will    ++...                   Z - +2 pair of boots {Stlth+}
Stlth   ..........              V - amulet of reflection
HPRegen 0.41/turn               e - ring of Gadiq {rPois Will+ AC+4 Str+2 Dex+6}
MPRegen 0.17/turn               M - ring "Jimenn" {rElec rPois Str+3 Int-4 Slay+3}

@: marked, gold aura, studying 2 skills
A: (nimble swimmer 2), mertail
}: 2/15 runes: decaying, serpentine
a: Renounce Religion, Potion Petition, Call Merchant, Bribe Branch


You were on level 2 of the Vaults.
You worshipped Gozag.
Gozag was greatly pleased with you.
You visited 7 branches of the dungeon, and saw 35 of its levels.
You also visited: Sewer and Ice Cave.

You collected 15574 gold pieces.
You spent 2584 gold pieces at shops.
You paid 5516 gold pieces to Gozag.

Inventory:

Hand Weapons
 a - a +8 bardiche of flaming (weapon)
Missiles
 d - 4 throwing nets (quivered)
 z - 8 curare-tipped darts
Armour
 c - the +0 helmet "Wuycrifru" (worn) {rF+ rN+}
   (You found it on level 14 of the Dungeon)

   rF:        It protects you from fire.
   rN:        It protects you from negative energy.
 k - a +2 crystal plate armour of cold resistance (worn)
 w - a +2 pair of gloves (worn)
 x - a scarf of resistance (worn)
 Z - a +2 pair of boots of stealth (worn)
Jewellery
 e - the ring of Gadiq (left hand) {rPois Will+ AC+4 Str+2 Dex+6}
   (You bought it in a shop on level 8 of the Dungeon)

   [ring of protection]

   AC:        It affects your AC (+4).
   Str:       It affects your strength (+2).
   Dex:       It affects your dexterity (+6).
   rPois:     It protects you from poison.
   Will:      It increases your willpower.
 M - the ring "Jimenn" (right hand) {rElec rPois Str+3 Int-4 Slay+3}
   (You bought it in a shop on level 8 of the Dungeon)

   [ring of poison resistance]

   Str:       It affects your strength (+3).
   Int:       It affects your intelligence (-4).
   Slay:      It affects your accuracy & damage with ranged weapons and melee
   (+3).
   rElec:     It insulates you from electricity.
   rPois:     It protects you from poison.
 S - the ring of Newaa {rF- Will++ rCorr Str+5}
   (You found it on level 2 of the Lair of Beasts)

   [ring of resist corrosion]

   Str:       It affects your strength (+5).
   rF:        It makes you vulnerable to fire.
   rCorr:     It protects you from acid and corrosion.
   Will:      It greatly increases your willpower.
 V - an amulet of reflection (around neck)
Wands
 p - a wand of paralysis (39)
 u - a wand of polymorph (5)
 C - a wand of mindburst (11)
 F - a wand of acid (19)
 L - a wand of flame (23)
 O - a wand of charming (7)
 P - a wand of digging (12)
 T - a wand of iceblast (15)
Scrolls
 g - 4 scrolls of fear
 j - 7 scrolls of blinking
 l - a scroll of summoning
 o - 11 scrolls of teleportation
 s - 2 scrolls of silence
 t - 6 scrolls of amnesia
 v - 7 scrolls of vulnerability
 B - a scroll of torment
 G - 6 scrolls of magic mapping
 I - a scroll of enchant weapon
 Q - 6 scrolls of identify
 R - 2 scrolls of fog
 W - 3 scrolls of holy word
 X - 4 scrolls of brand weapon
 Y - 4 scrolls of immolation
Potions
 b - 2 potions of attraction
 f - 21 potions of curing
 i - a potion of brilliance
 m - 2 potions of heal wounds
 n - 11 potions of flight
 q - 2 potions of haste
 r - 6 potions of cancellation
 A - a potion of resistance
 D - 4 potions of mutation
 E - a potion of invisibility
 H - 11 potions of might
 K - 4 potions of berserk rage
 N - 5 potions of lignification
 U - 11 potions of ambrosia
Miscellaneous
 h - a tin of tremorstones (2/2)
 y - a box of beasts


   Skills:
 - Level 22.0 Fighting
 - Level 24.0 Polearms
 - Level 2.0 Throwing
 + Level 13.6 Armour
 - Level 24.0 Dodging
 - Level 2.0 Stealth
 - Level 3.5 Shields
 - Level 8.0 Evocations


You had 20 spell levels left.
You didn't know any spells.
Your spell library contained the following spells:

 Spells                   Type           Power      Damage    Failure   Level
 Magic Dart               Conj           0%         1d3       100%        1
 Sandblast                Erth           0%         2d4       100%        1
 Ensorcelled Hibernation  Hex/Ice        0%         N/A       100%        2
 Passwall                 Tmut/Erth      0%         N/A       100%        2
 Scorch                   Fire           0%         2d5       100%        2
 Searing Ray              Conj           0%         2d4       100%        2
 Static Discharge         Conj/Air       0%         N/A       100%        2
 Sublimation of Blood     Necr           0%         N/A       100%        2
 Dazzling Flash           Conj/Hex       0%         N/A       100%        3
 Gell's Gravitas          Tloc           0%         N/A       100%        3
 Lesser Beckoning         Tloc           0%         N/A       100%        3
 Ozocubu's Armour         Ice            0%         N/A       100%        3
 Portal Projectile        Hex/Tloc       0%         N/A       100%        3
 Stone Arrow              Conj/Erth      0%         3d7       100%        3
 Swiftness                Air            0%         N/A       100%        3
 Teleport Other           Tloc           0%         N/A       100%        3
 Animate Armour           Summ/Erth      0%         N/A       100%        4
 Flame Wave               Conj/Fire      0%         2d4       100%        4
 Fulminant Prism          Conj/Hex       0%         3d6       100%        4
 Petrify                  Tmut/Erth      0%         N/A       100%        4
 Agony                    Necr           0%         N/A       100%        5
 Blade Hands              Tmut           0%         N/A       100%        5
 Excruciating Wounds      Necr           0%         N/A       100%        5
 Freezing Cloud           Conj/Ice/Air   0%         6-21      100%        5
 Irradiate                Conj/Tmut      0%         3d13      100%        5
 Lightning Bolt           Conj/Air       0%         1d11      100%        5
 Metabolic Englaciation   Hex/Ice        0%         N/A       100%        5
 Silence                  Hex/Air        0%         N/A       100%        5
 Summon Forest            Summ/Tloc      0%         N/A       100%        5
 Summon Mana Viper        Hex/Summ       0%         N/A       100%        5
 Conjure Ball Lightning   Conj/Air       0%         3x3d6     100%        6
 Simulacrum               Ice/Necr       0%         N/A       100%        6
 Summon Cactus Giant      Summ           0%         N/A       100%        6
 Dragon Form              Tmut           0%         N/A       100%        7
 Ozocubu's Refrigeration  Ice            0%         4d5       100%        7
 Discord                  Hex            0%         N/A       100%        8
 Disjunction              Tloc           0%         N/A       100%        8
 Lehudib's Crystal Spear  Conj/Erth      0%         10d2      100%        8
 Maxwell's Capacitive Co  Air            0%         ∞         100%        8


Dungeon Overview and Level Annotations

Branches:
Dungeon (15/15)            Temple (0/1) D:6            Lair (6/6) D:8
  Swamp (4/4) Lair:3        Snake (4/4) Lair:3        Slime (0/5) Lair:5
    Orc (2/2) D:10            Elf (2/3) Orc:2        Vaults (2/5) D:14
 Depths (0/4) D:15          Sewer (visited)           IceCv (visited)
  Crypt: Vaults:2-3

Altars:
Ashenzari
Cheibriados
Dithmenos
Elyvilon
Gozag
Kikubaaqudgha
Nemelex Xobeh
Ru
Sif Muna
Trog
Vehumet
Wu Jian
Xom
Yredelemnul
Zin

Shops:
D:8 [*[==   D:12 =   Orc:2 :[*(   Snake:2 !=:=   Snake:4 (

Annotations:
D:5 exclusion: statue
Lair:5 exclusion: oklob plant


Innate Abilities, Weirdness & Mutations

((You are very nimble when in or above water. (Stealth+, EV+, Speed+++)))
Your lower body shifts to a powerful aquatic tail in water.


Message History

You barely miss the deep troll.
The deep troll is almost dead.
The ironbound convoker casts a spell at something.
You slice the deep troll!! You burn the deep troll.
You kill the deep troll!
The yaktaur captain shoots a bolt.
The bolt hits you!
You reach to attack!
You slice the yaktaur captain!! You burn the yaktaur captain.
The yaktaur captain is moderately wounded.
You barely miss the orc knight.
The orc knight is distracted by your dazzling golden aura.
You slash the orc knight! You burn the orc knight.
The orc knight is no longer distracted by gold.
The orc knight is lightly wounded.
You chop the orc knight into pieces!!! You burn the orc knight!
The orc knight is almost dead.
You slice the orc knight!! You burn the orc knight.
You kill the orc knight!
The orc warlord hits you with a +0 great sword of holy wrath!!
You are too injured to fight recklessly!
You are too injured to fight recklessly!
You are too injured to fight recklessly!
You are too injured to fight recklessly!
You hit the orc warlord but do no damage.
The orc warlord hits you with a +0 great sword of holy wrath!!!
* * * LOW HITPOINT WARNING * * *
Unknown command.
Unknown command.
The yaktaur captain shoots a bolt.
The bolt hits you!
* * * LOW HITPOINT WARNING * * *
Okay, then. [a] - 120 gold - heal wounds [b] - 486 gold - resistance and invisibility [c] - 784 gold - might, brilliance, haste and resistance Purchase which effect?
You feel much better.
The yaktaur captain shoots a bolt.
The bolt hits you!!
* * * LOW HITPOINT WARNING * * *
The orc warlord hits you with a +0 great sword of holy wrath!!!
You die...
Your body crumbles into a pile of gold.

##....#..)...#
......'......#
.....##......#
....###......# ....#
#......############
...##
#......#..........#
.###
#......+.)........#
##
#......#..........#
#
########..@o......#
#..........#
#......$...#
######+####c########
#......##..p........
#......##..........)
#......##$$.........
#......##...........
#.>....##o..........


You could see an orc warlord (strong) and a yaktaur captain (strong).

Vanquished Creatures
  Vashnia (Snake:4)
  Jorgrun (Swamp:2)
  A sphinx (Vaults:1)
  Kirke (Swamp:2)
  Frances (D:13)
  The ghost of bladeefan the Warrior, an adept DsFi of Makhleb (Snake:2)
  Donald (Swamp:2)
  2 fenstrider witches (Swamp:3)
  7 nagarajas (Snake:4)
  2 frost giants (IceCv)
  An orc warlord (D:10)
  6 vault wardens
  6 ironbound preservers
  A stone giant (Vaults:2)
  2 ironbound thunderhulks (Vaults:1)
  An entropy weaver (Vaults:1)
  3 eleionomae
  A deep elf demonologist (Elf:2)
  The ghost of squill the Fighter, a journeyman HOCj of Okawaru (Lair:5)
  8 dire elephants
  A bunyip (Lair:3)
  A white draconian (IceCv)
  2 ettins
  3 yaktaur captains
  2 rakshasas (D:14)
  7 naga warriors
  6 boulder beetles
  7 ghost crabs
  3 great orbs of eyes
  The ghost of ytrimaz the Basher, a journeyman DsFi of Ru (D:9)
  20 hydras
  12 vault guards
  A salamander tyrant (Snake:4)
  8 anacondas
  4 ogre magi
  2 spriggan air magi
  12 centaur warriors
  8 alligators
  2 catoblepae
  2 death yaks
  A death knight (D:13)
  7 ironbound frosthearts
  14 two-headed ogres
  3 orc high priests (Orc:2)
  11 naga sharpshooters
  4 tengu warriors
  5 shock serpents
  8 deep elf knights
  6 skeletal warriors (D:14)
  6 salamander mystics
  2 storm dragon skeletons (D:15)
  2 spectral death yaks (Lair:6)
  4 goliath frogs
  A spectral anaconda (Lair:6)
  A glowing orange brain (Vaults:1)
  8 naga ritualists
  10 spriggan druids
  21 deep trolls
  11 swamp dragons
  6 lindwurms
  6 deep elf archers
  9 wizards
  4 harpies (Vaults:1)
  14 bog bodies
  5 orc knights
  An obsidian statue (Lair:6)
  6 ironbound convokers
  A harpy (shapeshifter) (D:13)
  5 necromancers
  14 deep elf pyromancers
  19 deep elf zephyrmancers
  2 wolf spiders
  3 manticores
  5 will-o-the-wisps
  25 salamanders
  9 mana vipers
  5 orc sorcerers
  A cyclops (D:13)
  33 ugly things
  7 guardian serpents
  19 elephants
  30 black mambas
  An ice statue (D:14)
  10 vault sentinels
  3 apocalypse crabs (Swamp:1)
  16 naga magi
  A torpor snail (Lair:3)
  2 gargoyles
  2 dire elephant skeletons (Lair:6)
  12 cane toads
  An efreet (D:12)
  2 unseen horrors (D:12)
  18 rime drakes
  17 yaktaurs
  An ice devil (D:9)
  A freezing wraith (D:14)
  9 komodo dragons
  A kobold demonologist (D:13)
  4 tyrant leeches
  A bloated husk (Swamp:3)
  2 harpy skeletons
  5 trolls
  5 hornets
  A wind drake (shapeshifter) (D:15)
  A queen bee (Lair:3)
  18 polar bears
  4 blink frogs (Lair:3)
  27 slime creatures
  13 spriggans
  59 yaks
  3 shadows
  2 air elementals (Elf:1)
  The ghost of shadowrider38 the Scratcher, an amateur FeAE of Ashenzari (D:8)
  A fire elemental (Elf:1)
  3 wraiths
  A wyvern (D:9)
  3 water elementals
  3 steam dragons
  3 fire bats (Lair:2)
  5 basilisks
  5 hogs (Swamp:2)
  16 vampire mosquitoes
  12 swamp worms
  48 nagas
  A spectral cane toad (Lair:6)
  4 wargs
  14 water moccasins
  An acid dragon (D:11)
  28 orc warriors
  A black bear (shapeshifter) (D:14)
  9 swamp drakes
  A hornet zombie (D:9)
  7 ice beasts
  2 sky beasts (D:5)
  7 necrophages
  18 ogres
  2 boggarts
  3 centaurs
  22 wolves
  An elephant skeleton (Lair:6)
  8 kobold brigands
  A phantom (D:7)
  16 bullfrogs
  6 scorpions
  2 earth elementals
  A water moccasin zombie (D:5)
  A cane toad simulacrum (Lair:6)
  2 gnoll sergeants
  A water moccasin skeleton (D:4)
  26 killer bees
  2 elephant simulacra (Lair:6)
  11 wights
  3 howler monkeys
  2 electric eels (D:10)
  2 bullfrog zombies (D:5)
  A jelly (D:6)
  A wyvern simulacrum (D:9)
  3 centaur zombies
  3 hounds
  4 quasits (D:8)
  3 bullfrog skeletons
  A gnoll shaman (D:5)
  8 orc priests
  4 centaur skeletons
  4 iguanas
  13 orc wizards
  A killer bee zombie (D:7)
  A hound skeleton (D:2)
  19 gnolls
  A howler monkey skeleton (D:7)
  A howler monkey zombie (D:7)
  4 adders
  A shadow imp (D:7)
  5 white imps
  3 dart slugs
  42 orcs
  6 bats
  7 endoplasms
  2 giant cockroaches
  6 goblins
  7 hobgoblins
  5 jackals
  4 quokkas
  4 ball pythons
  3 frilled lizards
  37 kobolds
  13 rats
1271 creatures vanquished.

Vanquished Creatures (collateral kills)
  the Lernaean hydra (Swamp:4)
1 creature vanquished.

Vanquished Creatures (others)
  12 dancing weapons
  A deep elf pyromancer (Elf:1)
  A deep elf zephyrmancer (Elf:2)
  An orc wizard (Orc:2)
  A shadow imp (D:7)
  10 foxfires
  64 fungi
  55 plants
  19 withered plants (Lair:6)
164 creatures vanquished.

Grand Total: 1436 creatures vanquished

Notes
Turn   | Place    | Note
-------+----------+-------------------------------------------
     0 | D:1      | shadowrider38 the Merfolk Gladiator began the quest for the
                  | Orb.
     0 | D:1      | Reached XP level 1. HP: 16/16 MP: 1/1
   504 | D:1      | Found a faded altar of an unknown god.
   528 | D:1      | Reached XP level 2. HP: 23/23 MP: 2/2
   530 | D:1      | Reached skill level 5 in Polearms
  1353 | D:2      | Identified the +1 robe "Pavvoz" {Rampage rElec Will+ Int+3}
  1358 | D:2      | Found a sparkling altar of Nemelex Xobeh.
  1395 | D:2      | Reached XP level 3. HP: 10/28 MP: 3/3
  2256 | D:2      | Reached XP level 4. HP: 31/35 MP: 4/4
  2889 | D:3      | Found an opulent altar of Gozag.
  3189 | D:3      | Became a worshipper of Gozag Ym Sagoz the Greedy
  3219 | D:4      | Noticed an ogre
  3263 | D:4      | Killed an ogre
  3264 | D:4      | Reached XP level 5. HP: 42/42 MP: 5/5
  3565 | D:4      | Reached XP level 6. HP: 42/48 MP: 6/6
  3785 | D:4      | Found a basalt altar of Yredelemnul.
  4339 | D:5      | Entered Level 5 of the Dungeon
  4339 | D:5      | Found an ancient bone altar of Kikubaaqudgha.
  4355 | D:5      | Reached XP level 7. HP: 40/53 MP: 7/7
  4357 | D:5      | Reached skill level 5 in Fighting
  4780 | D:5      | Reached skill level 10 in Polearms
  5268 | D:5      | Reached XP level 8. HP: 62/64 MP: 8/8
  5473 | D:5      | Found a radiant altar of Vehumet.
  5950 | D:5      | Noticed a moth of wrath
  5952 | D:5      | Found a bloodstained altar of Trog.
  7178 | D:6      | Found a glowing drain.
  7193 | Sewer    | Entered a sewer
  7265 | Sewer    | Reached XP level 9. HP: 55/72 MP: 9/9
  7417 | Sewer    | Found a white marble altar of Elyvilon.
  7632 | D:6      | Found a staircase to the Ecumenical Temple.
  8346 | D:6      | Found a sacrificial altar of Ru.
  8346 | D:6      | Found a shimmering blue altar of Sif Muna.
  8346 | D:6      | Found a broken altar of Ashenzari.
  8347 | D:6      | Found a shimmering altar of Xom.
  8782 | D:7      | Reached skill level 1 in Stealth
  8830 | D:7      | Reached skill level 1 in Shields
  8830 | D:7      | Reached skill level 1 in Evocations
  8900 | D:7      | Noticed a hornet
  8932 | D:7      | Killed a hornet
  8933 | D:7      | Reached skill level 5 in Dodging
  9071 | D:6      | Reached XP level 10. HP: 37/82 MP: 10/10
 10618 | D:8      | Found Tesevat's Armour Shop.
 10672 | D:8      | Noticed a two-headed ogre
 10732 | D:8      | Found Fuze's Armour Shop.
 10740 | D:8      | Killed a two-headed ogre
 11016 | D:8      | Found Ytovep's Jewellery Emporium.
 11021 | D:8      | Bought the ring "Jimenn" {rElec rPois Str+3 Int-4 Slay+3}
                  | for 623 gold pieces
 11095 | D:8      | Found Ulougege's Jewellery Shoppe.
 11156 | D:8      | Found Zin's Purification Station.
 11162 | D:8      | Reached skill level 5 in Evocations
 11170 | D:8      | Reached skill level 10 in Fighting
 11446 | D:8      | Found a staircase to the Lair.
 11465 | D:8      | Found a glowing silver altar of Zin.
 11537 | D:8      | Found a sparkling altar of Nemelex Xobeh.
 11641 | D:8      | Found a transporter.
 11652 | D:8      | Noticed shadowrider38's ghost (amateur FeAE)
 11663 | D:8      | Found a transporter.
 11806 | D:9      | Reached XP level 11. HP: 22/92 MP: 11/11
 12146 | D:9      | Noticed ytrimaz's ghost (journeyman DsFi)
 12477 | D:9      | Reached skill level 10 in Dodging
 12670 | D:9      | Found a runed translucent gate.
 12670 | D:9      | Found a runed translucent gate.
 12670 | D:9      | Found a runed translucent gate.
 13113 | D:9      | Found a shadowy altar of Dithmenos.
 13304 | D:9      | Killed ytrimaz's ghost
 13429 | D:9      | Got the ring of Xad Qadgh {Fire rN+ Dex+5}
 13509 | Lair:1   | Entered Level 1 of the Lair of Beasts
 13662 | Lair:1   | Found a sacrificial altar of Ru.
 14666 | Lair:1   | Reached skill level 15 in Polearms
 14804 | Lair:2   | Reached XP level 12. HP: 92/103 MP: 12/12
 15578 | Lair:2   | Identified the ring of Newaa {rF- Will++ rCorr Str+5}
 15650 | Lair:2   | Noticed a seven-headed hydra
 17687 | Lair:3   | Found a staircase to the Snake Pit.
 17905 | Lair:3   | Found a staircase to the Swamp.
 17940 | Lair:3   | Noticed a four-headed hydra
 18070 | Lair:3   | Noticed a five-headed hydra
 18262 | Lair:2   | Killed a ten-headed hydra
 18948 | Lair:3   | Reached XP level 13. HP: 49/114 MP: 13/13
 19227 | Lair:3   | Reached skill level 15 in Dodging
 20991 | Lair:4   | Reached skill level 15 in Fighting
 22134 | Lair:5   | Found a runed translucent door.
 22136 | Lair:5   | Noticed squill's ghost (journeyman HOCj)
 22138 | Lair:5   | Identified the +11 trident of the Ships {pain, Fragile
                  | rPois rF+ Int+4}
 22232 | Lair:5   | Found a staircase to the Slime Pits.
 23785 | Lair:5   | Reached XP level 14. HP: 84/124 MP: 14/14
 23797 | Lair:5   | Killed squill's ghost
 24158 | Lair:6   | Entered Level 6 of the Lair of Beasts
 24799 | Lair:6   | Noticed a dire elephant
 25823 | Lair:6   | Noticed a dire elephant
 25824 | Lair:6   | Noticed a dire elephant
 25831 | Lair:6   | Killed a dire elephant
 26411 | Lair:6   | Killed a dire elephant
 27117 | Lair:6   | Identified the +8 war axe "Newt's Undoing" {vorpal, rF+
                  | Will+ Str+4}
 27592 | D:8      | Killed shadowrider38's ghost
 27703 | D:8      | Bought the ring of Gadiq {rPois Will+ AC+4 Str+2 Dex+6} for
                  | 974 gold pieces
 27730 | D:10     | Entered Level 10 of the Dungeon
 28608 | D:10     | Found a snail-covered altar of Cheibriados.
 28661 | D:10     | Found a staircase to the Orcish Mines.
 28685 | Orc:1    | Entered Level 1 of the Orcish Mines
 28821 | Orc:2    | Entered Level 2 of the Orcish Mines
 29538 | Orc:2    | Found Uthouwk's Antique Armour Emporium.
 29594 | Orc:2    | Found Gat Ziunaa's General Store.
 29603 | Orc:2    | Bought a potion of might for 64 gold pieces
 29603 | Orc:2    | Bought a scroll of enchant weapon for 120 gold pieces
 29603 | Orc:2    | Bought a scroll of teleportation for 48 gold pieces
 29603 | Orc:2    | Bought a potion of berserk rage for 80 gold pieces
 29660 | Orc:2    | Found Deat's Antique Weapon Shoppe.
 29705 | Orc:2    | Found Vecwoetz's Book Shoppe.
 29705 | Orc:2    | Paralysed by an orc sorcerer for 3 turns
 29715 | Orc:2    | Noticed an orc warlord
 29715 | Orc:2    | Paralysed by an orc sorcerer for 5 turns
 30146 | D:10     | Killed an orc warlord
 30547 | Orc:2    | Paralysed by an orc sorcerer for 2 turns
 30552 | Orc:2    | Reached XP level 15. HP: 130/134 MP: 15/15
 30683 | Orc:2    | Paralysed by an ogre mage for 7 turns
 31031 | Orc:2    | Found a staircase to the Elven Halls.
 32317 | D:12     | Found Iloef's Jewellery Emporium.
 32444 | D:12     | You fall into a shaft and drop 3 floors!
 32444 | D:15     | Entered Level 15 of the Dungeon
 32986 | D:14     | Found a frozen archway.
 33001 | IceCv    | Entered an ice cave
 33796 | IceCv    | Noticed a frost giant
 33796 | IceCv    | Noticed a frost giant
 34313 | IceCv    | Killed a frost giant
 34407 | IceCv    | Killed a frost giant
 34408 | IceCv    | Reached XP level 16. HP: 119/143 MP: 16/16
 34555 | IceCv    | Identified the ring of Maotai {Ice Str+4 Dex-5 Stlth+}
 34852 | D:14     | Found an ornate altar of the Wu Jian Council.
 34882 | D:14     | Identified the +0 helmet "Wuycrifru" {rF+ rN+}
 35485 | D:14     | Found a gate to the Vaults.
 36733 | D:15     | Found a broken altar of Ashenzari.
 37244 | D:15     | Found a staircase to the Depths.
 38880 | D:13     | Noticed Frances
 38898 | D:13     | Killed Frances
 39850 | Swamp:1  | Entered Level 1 of the Swamp
 39871 | Lair:3   | Reached XP level 17. HP: 46/153 MP: 6/17
 41091 | Swamp:1  | Found the +8 mithril axe "Arga" {speed, Will+}
 41464 | Swamp:1  | Found a runed translucent door.
 42070 | Swamp:1  | Got the Handbook of the Birds
 42544 | Swamp:2  | Noticed Kirke
 42558 | Swamp:2  | Killed Kirke
 42642 | Swamp:2  | Noticed Jorgrun
 42656 | Swamp:2  | Killed Jorgrun
 42777 | Swamp:2  | Noticed Donald
 42789 | Swamp:2  | Killed Donald
 44460 | Snake:1  | Entered Level 1 of the Snake Pit
 44627 | Snake:1  | Identified the +0 pair of boots "Ucaomar" {-Tele rPois
                  | Regen+ SInv}
 44978 | Snake:1  | Found a white marble altar of Elyvilon.
 45820 | Snake:2  | Reached XP level 18. HP: 83/164 MP: 11/18
 46911 | Snake:2  | Found Elosob's Distillery.
 46999 | Snake:2  | Bought a potion of mutation for 120 gold pieces
 46999 | Snake:2  | Bought a potion of might for 60 gold pieces
 46999 | Snake:2  | Bought a potion of berserk rage for 75 gold pieces
 47233 | Snake:2  | Found a runed translucent gate.
 47234 | Snake:2  | Found a runed translucent gate.
 47234 | Snake:2  | Found a runed translucent gate.
 47250 | Snake:2  | Noticed bladeefan's ghost (adept DsFi)
 48304 | Snake:2  | Found Adouts's Jewellery Boutique.
 48305 | Snake:2  | Found Fuasami's Book Shoppe.
 48306 | Snake:2  | Found Zafosiaf's Jewellery Boutique.
 48423 | Snake:2  | Killed bladeefan's ghost
 50923 | Snake:4  | Entered Level 4 of the Snake Pit
 51185 | Elf:1    | Entered Level 1 of the Elven Halls
 51188 | Elf:1    | Identified the +8 tower shield "Heegheg" {Harm rCorr Str+4
                  | Stlth+}
 51285 | Elf:1    | Reached skill level 1 in Armour
 51499 | Elf:1    | Found an ancient bone altar of Kikubaaqudgha.
 51800 | Elf:1    | Identified the +0 pair of boots "Cyrim" {*Corrode rPois
                  | rC++ Stlth+}
 52355 | Elf:1    | Reached XP level 19. HP: 142/174 MP: 15/19
 53112 | Swamp:4  | Entered Level 4 of the Swamp
 53263 | Swamp:4  | Reached skill level 5 in Armour
 53440 | Swamp:4  | Noticed the 27-headed Lernaean hydra
 53462 | Swamp:4  | Killed the 25-headed Lernaean hydra
 53592 | Swamp:4  | Got a decaying rune of Zot
 54873 | Snake:4  | Found Fontiuwn's Antique Weapon Shoppe.
 56413 | Snake:4  | Noticed Vashnia
 56756 | Snake:4  | Killed Vashnia
 57167 | Snake:4  | Got a serpentine rune of Zot
 57650 | Vaults:1 | Entered Level 1 of the Vaults
 57801 | D:8      | Bought an amulet of reflection for 420 gold pieces
 58123 | Vaults:1 | Reached XP level 20. HP: 171/182 MP: 20/20
 58339 | Vaults:1 | Reached skill level 10 in Armour
 58531 | Vaults:1 | Identified the +1 kite shield of Plog {Fly rC+++ Dex-4
                  | Stlth+}
 62080 | Vaults:2 | Reached XP level 21. HP: 189/189 MP: 21/21
 62356 | Vaults:2 | Mangled by an orc warlord

Illustrated notes

Levels and vault maps discovered:
D:1:      kennysheep_arrival_seaside, layout_basic,
          ebering_ecumenical_altar_hall, kennysheep_crisscross
D:2:      layout_loops_ring, basic_altar, minmay_misc_feat_hallway,
          minmay_quantized
D:3:      layout_loops_cross, nicolae_gozag_seed_capital
D:4:      layout_loops_ring, yredelemnul_altar_generic
D:5:      minmay_clustersquares, layout_loops_ring, lemuel_crystal_altar,
          vehumet_statue, tgw_trog, lightli_minifort
D:6:      layout_rooms, chequers_temple_overflow_statue_of_worship,
          minmay_temple_entry_slanted, serial_aquarium, aquarium_bridge_square
          [aquarium_subvault_balcony, aquarium_subvault_wall,
          aquarium_subvault_window, aquarium_subvault_bridge],
          aquarium_window_fake, aquarium_window_1, aquarium_view_2f,
          aquarium_pool_four, portal_sewer_entry_b
D:7:      layout_basic, enter_bailey_7, minmay_alternating_orb
D:8:      layout_gridville, nemelex_spade_bored_becter, zin_purify,
          erik_lair_orcish_takeover, serial_glass, glass_columns_a,
          glass_columns_a, serial_shops, shop_coins,
          nicolae_shop_hallway_stairs, nicolae_shop_hallway_plus,
          nicolae_shop_stone, gammafunk_ghost_stat_death, serial_bayou_pond_a
D:9:      layout_rooms, general_overflow_altar, gammafunk_ghost_icy
D:10:     layout_roguey, mainiacjoe_overflow_alcove_1, erik_orc_2
D:11:     layout_grid_maze
D:12:     layout_loops_ring, serial_shops, kennysheep_mini_moat
D:13:     hangedman_arrow_trap, layout_irregular_city, uniq_frances
D:14:     layout_irregular_city, hangedman_vaults_entry_quadrant_bands,
          portal_ice_cave_entry_ice_statue_one, nzn_wu_jian_council_hall
D:15:     hangedman_depths_entry_civil_slaughter, layout_irregular_city,
          nicolae_ashenzari_skybound
Lair:1:   layout_misc_corridors, basic_altar, st_stairs_7, lemuel_fruit_tree,
          grunt_megastairs_5
Lair:2:   layout_regular_city, nicolae_volcano_entry_batcave,
          serial_bayou_lagoon_a, serial_bayou_shore_a
Lair:3:   layout_small_grid, swamp_mist, minmay_snake_entry_guardpost_small,
          special_room [special_room_bee], wad_woods_01
Lair:4:   beast_lair_carwin_large_3, layout_gridlike, nicolae_lair_yak_garden,
          infiniplex_staircase_pool
Lair:5:   layout_layer_cave, minmay_slime_entry_oklob_enclosed,
          ebering_ghost_funeral_grove, roderic_carrion_pond
Lair:6:   due_jungle_book, layout_gridlike
Swamp:1:  gammafunk_mikee_crab_dinner, layout_falls_marsh,
          nicolae_swamp_orc_logging_accident
Swamp:2:  layout_falls_marsh, nicolae_swamp_dense_foliage, uniq_kirke,
          uniq_jorgrun, uniq_donald
Swamp:3:  layout_basic_swamp, serial_swamp_ruin, evilmike_swamp_ruin_house_2,
          hangedman_swamp_ruin_wall, evilmike_swamp_ruin_house_3
Swamp:4:  grunt_swamp_rune_castle, layout_basic_swamp
Snake:1:  layout_onion_interference, basic_altar
Snake:2:  layout_layer_cave, serial_shops, nicolae_shop_behind_doors,
          ebering_ghost_rock_garden, minmay_shop_grove
Snake:3:  layout_onion_interference, serial_bayou_crossing
Snake:4:  johnstein_snake_rune_scales, layout_misc_corridors, serial_shops,
          shop, uniq_vashnia
Orc:1:    layout_diamond_mine
Orc:2:    grunt_orc_gardens, layout_caves, grunt_orc_garden, grunt_orc_garden,
          grunt_orc_garden, grunt_orc_garden
Elf:1:    nicolae_elf_arrival_aired_out, layout_loops_cross, basic_altar,
          minivault_28
Elf:2:    elven_hall_of_blades_hangedman_alternative [mumra_blade_entry_dagger],
          layout_gridlike, enter_trove_1, grunt_megastairs_1
Vaults:1: v_misc_9, nicolae_vaults_network_quinsquares
          [nicolae_vaults_network_quincunx_subvault,
          nicolae_vaults_network_quincunx_subvault,
          nicolae_vaults_network_quincunx_subvault,
          nicolae_vaults_network_quincunx_subvault], hangedman_vaults_locks,
          nicolae_vaults_sealed_display, v_rooms_4, vaults_mumra_hexcomb,
          nicolae_vaults_little_squares_3, grunt_vaults_focal,
          grunt_vaults_hallway_short, vaults_room_grid, layout_vaults_ring,
          serial_shops
Vaults:2: nicolae_vaults_circle_grid_b, dpeg_vaults_waves, v_misc_9, v_rooms_1,
          vaults_room_grunt_arrival_checkpoint, v_misc_13, v_pattern_4,
          vaults_room_pool, hangedman_vaults_corner_blocks,
          nicolae_vaults_yaktaur_gun_rack, layout_vaults_omnibox

Skill      XL: |  1  2  3  4  5  6  7  8  9 10 11 12 13 14 15 16 17 18 19 20 |
---------------+-------------------------------------------------------------+-----
Polearms       | 5 6 7 8 9 11 13 14 15 16 18 20 21 23 24 | 24.0
Fighting       | 3 4 5 7 8 10 12 14 15 17 18 19 20 21 22 | 22.0
Stealth        | 2 |  2.0
Shields        | 2 3 |  3.5
Evocations     | 2 5 8 |  8.0
Dodging        | 5 9 12 14 16 18 19 21 22 24 | 24.0
Armour         | 3 9 13 | 13.6
Throwing       | |  2.0

Action                   |  1- 3 |  4- 6 |  7- 9 | 10-12 | 13-15 | 16-18 | 19-21 || total
-------------------------+-------+-------+-------+-------+-------+-------+-------++-------
Melee: Trident           |    93 |   122 |   211 |       |       |       |       ||   426
       Punch             |     1 |       |     6 |       |       |       |       ||     7
       Spear             |       |       |   272 |   143 |       |       |       ||   415
       Tailslap          |       |       |     4 |       |     6 |     9 |     7 ||    26
       Halberd           |       |       |       |   643 |   343 |       |       ||   986
       Bardiche          |       |       |       |       |   765 |  1073 |   903 ||  2741
Throw: Throwing net      |       |     1 |       |       |       |     1 |       ||     2
       Dart              |       |     1 |       |       |       |       |       ||     1
Invok: Potion Petition   |       |       |       |     1 |     4 |     3 |     4 ||    12
Evoke: Wand              |       |       |     1 |     7 |    13 |       |       ||    21
       Box of beasts     |       |       |       |       |       |       |     1 ||     1
  Use: Scroll            |       |       |    18 |     3 |    17 |     6 |     2 ||    46
       Potion            |       |       |     1 |     1 |       |       |       ||     2
 Stab: Sleeping          |     3 |     7 |     3 |     2 |       |       |       ||    15
       Distracted        |     1 |     1 |     1 |     4 |     7 |    10 |    12 ||    36
       Paralysed         |       |       |     4 |       |       |       |       ||     4
       Invisible         |       |       |       |       |       |     2 |       ||     2
Armor: Leather armour    |    15 |       |       |       |       |       |       ||    15
       Robe              |       |    22 |    95 |    20 |       |       |       ||   137
       Chain mail        |       |       |       |   208 |   382 |     7 |       ||   597
       Crystal plate arm |       |       |       |       |       |   438 |   268 ||   706
       Skin              |       |       |       |       |       |       |    13 ||    13
Dodge: Dodged            |    40 |    60 |   158 |   418 |   804 |   504 |   367 ||  2351
Block: Buckler           |       |       |    17 |    11 |       |       |       ||    28
       Other             |       |       |       |       |       |       |    60 ||    60
       Reflection        |       |       |       |       |       |       |    12 ||    12

Table legend: (Time is in decaauts)
 A = Elapsed time spent in this place.
 B = Non-inter-level travel time spent in this place.
 C = Inter-level travel time spent in this place.
 D = Time resting spent in this place.
 E = Time spent auto-exploring this place.
 F = Levels seen in this place.
 G = Mean time per level.
                   A        B        C        D        E       F      G
               +--------+--------+--------+--------+--------+-----+--------+
         Total |  60918 |  57032 |   3886 |  20780 |  26477 |  37 | 1646.4 |
       Dungeon |  23242 |  21407 |   1835 |   7361 |  10735 |  15 | 1549.5 |
          Lair |  14211 |  13192 |   1019 |   5041 |   6188 |   6 | 2368.5 |
         Swamp |   4328 |   4072 |    256 |   1095 |   2251 |   4 | 1082.0 |
     Snake Pit |   9665 |   9250 |    415 |   4001 |   3802 |   4 | 2416.2 |
  Orcish Mines |   2173 |   1983 |    190 |    744 |    632 |   2 | 1086.5 |
   Elven Halls |   1658 |   1539 |    119 |    292 |    869 |   2 |  829.0 |
        Vaults |   3651 |   3601 |     50 |   1301 |   1454 |   2 | 1825.5 |
         Sewer |    271 |    271 |      0 |    109 |     88 |   1 |  271.0 |
      Ice Cave |   1715 |   1715 |      0 |    835 |    457 |   1 | 1715.0 |
               +--------+--------+--------+--------+--------+-----+--------+

Top non-repeatable levels by time:
  Lair:3: 3265 daAuts
    D:14: 3058 daAuts
 Snake:4: 2913 daAuts
     D:5: 2822 daAuts
  Lair:6: 2806 daAuts
  Lair:5: 2410 daAuts
 Snake:2: 2392 daAuts
     D:8: 2358 daAuts
Vaults:1: 2321 daAuts
 Snake:1: 2312 daAuts
  Lair:1: 2153 daAuts
 Snake:3: 2047 daAuts
  Lair:2: 1915 daAuts
     D:9: 1884 daAuts
   IceCv: 1715 daAuts
